 Dungeon Crawl Stone Soup version 0.23.0 (webtiles) character file.

Game seed: 5443538289898501489

33 Ivernyr the Magician (level 3, 0/28 HPs)
             Began as a Naga Wizard on Feb 18, 2019.
             Slain by a jackal (2 damage)
             ... on level 1 of the Dungeon.
             The game lasted 00:05:42 (763 turns).

Ivernyr the Magician (Naga Wizard)                   Turns: 763, Time: 00:05:42

Health: 0/28       AC:  2    Str:  9    XL:     3   Next: 29%
Magic:  7/8        EV:  9    Int: 19    God:
Gold:   75         SH:  0    Dex:  9    Spells: 0/9 levels left

rFire    . . .     SeeInvis +   g - +0 whip
rCold    . . .     Gourm    .   (no shield)
rNeg     . . .     Faith    .   a - +0 robe
rPois    +         Spirit   .   b - +0 hat
rElec    .         Reflect  .   (no cloak)
rCorr    .         Harm     .   (no gloves)
MR       .....                  (no barding)
Stlth    ++........             (no amulet)
HPRegen  0.09/turn              (no ring)
MPRegen  0.11/turn              (no ring)

@: heavily drained, very slow
A: large, see invisible, deformed body, poison resistance, slowness 2, slow
metabolism 1, spit poison 1, AC +1
a: Spit Poison


You were on level 1 of the Dungeon.
You were not hungry.

You visited 1 branch of the dungeon, and saw 1 of its levels.

You collected 75 gold pieces.

Inventory:

Hand Weapons
 g - a +0 whip (weapon)
Armour
 a - a +0 robe (worn)
 b - a +0 hat (worn)
Scrolls
 c - a scroll of teleportation {unknown}
 h - a scroll of immolation {unknown}
 i - a scroll of amnesia {unknown}
 j - a scroll of identify {unknown}
Potions
 e - a potion of curing {unknown}
 f - a potion of degeneration {unknown}
Comestibles
 d - 2 rations


   Skills:
 + Level 2.0(0.8) Dodging
 - Level 3.0(1.7) Stealth
 + Level 3.5(2.3) Spellcasting
 * Level 1.8(0.6) Conjurations
   Level 1.0(0.0) Summonings
 - Level 1.0(0.0) Translocations


You couldn't memorise any spells.
You knew the following spells:

 Your Spells              Type           Power        Failure   Level  Hunger
a - Magic Dart            Conj           #...         13%         1    #......
b - Blink                 Tloc           N/A          26%         2    ##.....
c - Conjure Flame         Conj/Fire      #.......     41%         3    ###....
d - Mephitic Cloud        Conj/Pois/Air  #.......     41%         3    ###....

Your spell library contained the following spells:

 Spells                   Type           Power        Failure   Level  Hunger
 Call Imp                 Summ           #.......     26%         2    ##.....
 Slow                     Hex            #.......     26%         2    ##.....


Dungeon Overview and Level Annotations

Branches:
Dungeon (1/15)

Altars:


Innate Abilities, Weirdness & Mutations

You cannot wear boots.
Your serpentine skin is tough. (AC +1)
You have supernaturally acute eyesight. (SInv)
Armour fits poorly on your strangely shaped body.
Your system is resistant to poisons. (rPois)
You cover ground very slowly.
You have a slow metabolism.
You can spit poison.


Message History

The jackal barely misses you. The jackal bites you.
* * * LOW HITPOINT WARNING * * *
You closely miss the jackal.
The jackal is lightly wounded.
The jackal bites you.
* * * LOW HITPOINT WARNING * * *
You barely miss the jackal.
The jackal is lightly wounded.
The jackal bites you.
* * * LOW HITPOINT WARNING * * *
The jackal barely misses you.
Casting: Magic Dart (safe; 13% risk of failure)
Confirm with . or Enter, or press ? or * to list all spells.
Aiming: Magic Dart (safe; 13% risk of failure)
Press: ? - help, Shift-Dir - straight line, f - jackal
Aim: a jackal (lightly wounded)
The magic dart hits the jackal.
The jackal is heavily wounded.
The jackal bites you.
You die...

## ... ... ... #..######
#.#.#.. # #......#
#.#h#.# .###......
#.#.#.# .........) h..#.#
#......... #..#)#
#......... #.h#@#
###......#..
#..#h#####........#).
#..(..............†..
#........###.........
........#### #....÷....
!..##.....#########..#...
## .............#.......#
###...............###.#
#...........##..##...


You could see a jackal.

Vanquished Creatures
  A dart slug (D:1)
  A bat (D:1)
  7 goblins (D:1)
  3 hobgoblins (D:1)
  6 jackals (D:1)
  4 kobolds (D:1)
  3 frilled lizards (D:1)
  3 rats (D:1)
28 creatures vanquished.

Notes
Turn   | Place    | Note
-------+----------+-------------------------------------------
     0 | D:1      | Ivernyr the Naga Wizard began the quest for the Orb.
     0 | D:1      | Reached XP level 1. HP: 15/15 MP: 4/4
   140 | D:1      | Reached XP level 2. HP: 13/22 MP: 0/6
   263 | D:1      | Learned a level 2 spell: Blink
   558 | D:1      | Reached XP level 3. HP: 27/28 MP: 5/7
   609 | D:1      | Learned a level 3 spell: Conjure Flame
   613 | D:1      | Learned a level 3 spell: Mephitic Cloud
   763 | D:1      | Slain by a jackal

Skill      XL: |  1  2  3 |
---------------+----------+-----
Dodging        | 2 |  2.0
Stealth        | |  3.0
Spellcasting   | |  3.5
Conjurations   | |  1.8
Summonings     | |  1.0
Translocations | |  1.0

Action                   || total
-------------------------++-------
Melee: Whip              ||    39
 Cast: Magic Dart        ||    33
 Abil: Spit Poison       ||    18
Armor: Robe              ||     8
Dodge: Dodged            ||    28
